[ AOE2 MATCH · #505714058 ]
UnrankedTupi vs Tupi
Player's team · WIN
Rival team · LOSS
[ REPLAY ANALYSIS · EXTRACTED FROM THE RECORDED GAME ]
Feudal
—
Castle
—
Imperial
—
| APM avg | 92.0 |
| APM peak | 120 |
| eAPM avg | 38.2 |
| Villagers / military | 22 / 0 |
Focus
⚔️ 54.4% · 🌾 45.6%
Unknown (2550) ×3
Feudal
—
Castle
—
Imperial
—
| APM avg | 85.7 |
| APM peak | 111 |
| eAPM avg | 22.5 |
| Villagers / military | 21 / 0 |
Focus
⚔️ 29.1% · 🌾 70.9%
Match map
Initial resources + every placement click. Lines = walls · curves = elevation contours. ◆ gold · ⬟ stone · ● berries · ✦ relic · ◌ wall gap
Your base
Li_78's base
Smoothed initial terrain · ◌ = detected wall gap · hover for details
Inputs per minute
— SVTT | Альпинист - - Li_78
Build order — SVTT | Альпинист
31 actions detected in the replay
| 0:00 | Queue | Villager (Male) |
| 0:01 | Queue | Villager (Male) |
| 0:01 | Queue | Villager (Male) |
| 0:02 | Build | House |
| 0:02 | Queue | Villager (Male) |
| 0:02 | Build | House |
| 0:32 | Build | Barracks |
| 1:02 | Queue | Villager (Male) |
| 1:02 | Queue | Villager (Male) |
| 1:29 | Research | Loom |
| 1:37 | Queue | Unit 2550 |
| 2:04 | Queue | Villager (Male) |
| 2:05 | Queue | Villager (Male) |
| 2:20 | Queue | Unit 2550 |
| 2:25 | Queue | Villager (Male) |
| 2:41 | Queue | Villager (Male) |
| 2:41 | Queue | Villager (Male) |
| 3:08 | Queue | Villager (Male) |
| 3:34 | Queue | Villager (Male) |
| 3:51 | Build | House |
| 4:04 | Queue | Villager (Male) |
| 4:04 | Queue | Villager (Male) |
| 4:40 | Queue | Villager (Male) |
| 5:01 | Queue | Unit 2550 |
| 5:02 | Queue | Villager (Male) |
| 5:03 | Queue | Villager (Male) |
| 5:04 | Build | House |
| 5:12 | Queue | Villager (Male) |
| 5:47 | Queue | Villager (Male) |
| 5:47 | Queue | Villager (Male) |
| 5:48 | Queue | Villager (Male) |
Build order — Li_78
28 actions detected in the replay
| 0:00 | Queue | Villager (Male) |
| 0:00 | Queue | Villager (Male) |
| 0:01 | Build | House |
| 0:02 | Build | House |
| 0:06 | Queue | Villager (Male) |
| 0:10 | Queue | Villager (Male) |
| 1:11 | Queue | Villager (Male) |
| 1:11 | Queue | Villager (Male) |
| 1:33 | Queue | Villager (Male) |
| 1:45 | Build | Settlement |
| 2:03 | Queue | Villager (Male) |
| 2:50 | Queue | Villager (Male) |
| 2:54 | Queue | Villager (Male) |
| 3:28 | Build | House |
| 3:29 | Build | House |
| 3:41 | Queue | Villager (Male) |
| 3:41 | Queue | Villager (Male) |
| 3:41 | Queue | Villager (Male) |
| 3:58 | Queue | Villager (Male) |
| 3:58 | Queue | Villager (Male) |
| 4:30 | Queue | Villager (Male) |
| 5:27 | Queue | Villager (Male) |
| 5:27 | Queue | Villager (Male) |
| 5:31 | Queue | Villager (Male) |
| 5:35 | Queue | Villager (Male) |
| 5:45 | Queue | Villager (Male) |
| 5:48 | Research | Loom |
| 5:48 | Research | Loom |
Match timeline
| 0:32 | SVTT | Альпинист · first_building Barracks |
| 6:03 | Li_78 · resign |
[ AI ANALYSIS · 1 CREDIT ]
What really happened in this match?
Wolo.gg analyzes every decision: build order, eco, micro, common mistakes by bracket. Personalized analysis on WhatsApp or Discord in 30 seconds.
Civ guide
Tupi
Perfil
Jugador #6375678